Match 40846064
Unlisted

Match 40846064
End
Construct Infanterie Kompanie
Kettenkrad Recon Vehicle
Selects Terror Battlegroup
Selects Terror Battlegroup
Selects Machine Gun Camouflage
MG 42 Machine Gun Team
MG 42 Machine Gun Team
GrW 34 Mortar Team
MG 42 Machine Gun Team
Grenadier Squad
Grenadier Squad
Selects Contempt for the Weak
Construct Luftwaffe Kompanie
Support Elements
Jäger Squad
Wirbelwind Flakpanzer
Jäger Squad
Pioneer Squad
Medical Bunker
Construct Panzer Kompanie
Selects Defend the Fatherland
Stoßtruppen Squad
Panzer IV Medium Tank
Marder III M Tank Destroyer
Marder III M Tank Destroyer
Jäger Squad
Selects King Tiger Heavy Tank
FitzBro
Naveed #No2IRGC
Akuma Nihmune is my OSHI
Pangolim
The_Jonny_Boy94
stryker_wing
0
0

Comments sign in to comment!

No comments posted yet!